 Dungeon Crawl Stone Soup version 0.17-a0-1685-g57e755e (webtiles) character file.

403 Gorice the Chopper (level 6, 0/48 HPs)
             Began as a Vampire Wanderer on Aug 19, 2015.
             Slain by a river rat (7 damage)
             ... summoned by Eustachio
             ... on level 4 of the Dungeon.
             The game lasted 00:15:51 (3455 turns).

Gorice the Chopper (Vampire Wanderer)               Turns: 3455, Time: 00:15:51

Health: 0/48       AC:  9    Str: 12      XL:     6   Next: 55%
Magic:  6/6        EV:  8    Int: 23      God:
Gold:   221        SH:  0    Dex:  8 (11) Spells: 0 memorised, 5 levels left

rFire  . . .     SeeInvis +     j - -2 spear (curse)
rCold  . . .     Clarity  .     b - +3 scale mail
rNeg   + . .     SustAt   .     (no shield)
rPois  +         Gourm    .     (no helmet)
rElec  .         Spirit   .     (no cloak)
rCorr  .         Warding  .     (no gloves)
rMut   .         Stasis   .     (no boots)
MR     .....                    (no amulet)
Stlth  ..........               d - ring of flight
                                p - ring of poison resistance

@: brilliant, very slightly contaminated, not resistant to hostile enchantments,
extremely unstealthy
A: fangs 3, see invisible, unbreathing
a: Bat Form, Evoke Flight


You were on level 4 of the Dungeon.
You were not thirsty.

You visited 1 branch of the dungeon, and saw 4 of its levels.
You also visited: Sewer.

You collected 221 gold pieces.

Inventory:

Hand weapons
 a - a +0 hand axe
 g - a +0 trident
 j - a cursed -2 spear (weapon)
 B - a +0 blowgun
Missiles
 r - 18 poisoned needles
 Z - 90 stones (quivered)
Armour
 b - a +3 scale mail (worn)
Jewellery
 d - a ring of flight (right hand)
 p - a ring of poison resistance (left hand)
Magical devices
 o - a wand of draining (0)
Potions
 c - 2 potions of lignification {!q}
 h - 3 potions of magic {!q}
 k - a potion of might {!q}
 n - a potion of brilliance {!q}
 q - 25 potions of blood
Books
 i - a book of Spatial Translocations


   Skills:
 + Level 3.9 Fighting
 * Level 5.1 Axes
 - Level 1.0 Throwing
 - Level 1.5 Armour
   Level 4.4 Hexes
 - Level 1.0 Evocations


You had 5 spell levels left.
You didn't know any spells.

Dungeon Overview and Level Annotations

Branches:
Dungeon (4/15)             Temple (0/1) D:4

Altars:

Annotations:
D:4 Eustachio


Innate Abilities, Weirdness & Mutations

You have razor-sharp teeth.
You have supernaturally acute eyesight.
You can survive without breathing.


Message History

You flicker for a moment.
The bat misses you. The quasit barely misses you. The quasit barely misses you.
The quasit misses you. Eustachio hits you but does no damage.
Unknown command.
You catch the helpless Eustachio completely off-guard!
You hit Eustachio but do no damage.
Eustachio is almost dead.
The bat hits you but does no damage. The quasit barely misses you.
The quasit closely misses you.
The quasit claws you but does no damage.
The bat barely misses you. The bat hits you but does no damage.
Eustachio mumbles some strange words.
Eustachio blinks!
The rat closely misses you.
The river rat bites you but does no damage.
The iron imp hits you but does no damage.
The quasit barely misses you.
The quasit claws you but does no damage. x2
The bat hits you but does no damage. The bat closely misses you.
The bat hits you but does no damage. x2
Eustachio mumbles some strange words.
The rat bites you but does no damage. The bat hits you but does no damage.
The bat barely misses you.
The iron imp disappears in a puff of smoke!
The bat hits you but does no damage. The bat hits you.
* * * LOW HITPOINT WARNING * * *
Damage: 1 (max 14) Unknown command.
Drink which item? (? for menu, Esc to quit)
It was a potion of brilliance.
You feel clever all of a sudden. The bat hits you but does no damage.
The bat barely misses you.
Eustachio says, "My allies will avenge me."
The quasit bites you but does no damage.
The quasit claws you but does no damage.
The quasit barely misses you.
Drink which item? (? for menu, Esc to quit)
Yummy - fresh blood!
You flicker back into view.
The bat hits you but does no damage. The bat barely misses you.
The quasit barely misses you.
The quasit claws you but does no damage. x2
Eustachio zaps a wand.
Eustachio seems to speed up.
The bat hits you but does no damage.
Drink which item? (? for menu, Esc to quit)
Yummy - fresh blood!
The quasit bites you but does no damage.
The quasit claws you but does no damage.
The quasit barely misses you. The bat hits you but does no damage.
The river rat bites you!
You die...

###+#####.##.##...####.
#.....#................
#.⌠.⌠.#...........#
+..>$.'§§.##.#..#.#
#.⌠.⌠.#5...#.#..#.#
#.....#.........<.####.#
###+###@r..#...........#
#.r5#####..........
#bb@# #..######### #####
#...........
#..######### #..# ....#
###... ####


You could see Eustachio, a quasit, a crimson imp, a river rat, 2 bats and a rat.

Vanquished Creatures
  3 big kobolds (Sewer)
  2 orc wizards (D:3)
  3 adders (D:3)
  2 river rats
  An ooze (D:2)
  A worm (D:3)
  3 giant geckos
  6 orcs (D:3)
  4 ball pythons
  7 hobgoblins
  3 quokkas
  7 bats
  4 giant cockroaches
  9 giant newts
  8 goblins
  8 kobolds
  9 rats
80 creatures vanquished.

Notes
Turn   | Place    | Note
--------------------------------------------------------------
     0 | D:1      | Gorice the Vampire Wanderer began the quest for the Orb.
     0 | D:1      | Gorice set off with: a +2 scale mail, a +0 hand axe, a potion of lignification {!q}, a potion of blood
     0 | D:1      | Reached XP level 1. HP: 16/16 MP: 1/1
   186 | D:1      | Reached XP level 2. HP: 13/22 MP: 2/2
   206 | D:1      | Reached skill level 2 in Axes
   251 | D:1      | HP: 5/22 [hobgoblin/club (2)]
   597 | D:2      | Reached skill level 2 in Fighting
   767 | D:2      | Reached XP level 3. HP: 17/27 MP: 3/3
  1457 | D:3      | HP: 5/27 [adder (4)]
  1670 | D:3      | Reached skill level 3 in Axes
  1705 | D:3      | HP: 7/28 [river rat (3)]
  1716 | D:3      | HP: 7/28 [river rat (1)]
  1727 | D:3      | Reached XP level 4. HP: 14/34 MP: 4/4
  1748 | D:3      | Found a glowing drain.
  1753 | Sewer    | Entered a sewer
  1908 | Sewer    | Noticed a big kobold necromancer
  1953 | Sewer    | Killed a big kobold necromancer
  1953 | Sewer    | Reached skill level 3 in Fighting
  1953 | Sewer    | Reached XP level 5. HP: 25/41 MP: 5/5
  1981 | Sewer    | Noticed a big kobold necromancer
  1996 | Sewer    | Killed a big kobold necromancer
  1996 | Sewer    | Reached skill level 4 in Axes
  2132 | Sewer    | Noticed a big kobold necromancer
  2181 | Sewer    | Killed a big kobold necromancer
  2181 | Sewer    | Reached XP level 6. HP: 37/48 MP: 6/6
  2987 | D:3      | Reached skill level 5 in Axes
  3234 | D:4      | Found a staircase to the Ecumenical Temple.
  3234 | D:4      | Noticed Eustachio
  3426 | D:4      | HP: 13/48 [river rat[Eustachio] (4)]
  3428 | D:4      | HP: 2/48 [river rat[Eustachio] (5)]
  3434 | D:4      | HP: 14/48 [river rat[Eustachio] (2)]
  3437 | D:4      | HP: 6/48 [quasit[Eustachio] (2)]
  3443 | D:4      | HP: 8/48 [shadow imp/nerve-wracking pain[Eustachio] (14)]
  3452 | D:4      | HP: 7/48 [bat[Eustachio] (1)]
  3455 | D:4      | Slain by a river rat

Vault maps used:
D:1:      evilmike_arrival_crescent
D:3:      gup_sewer_entry_bowl, serial_bayou_pond_c, minmay_misc_feat_chi
D:4:      nicolae_qazlal_general_emergency, kennysheep_vampire_church,
          gammafunk_temple_overflow_wave, minmay_temple_entry_hall, first_bread,
          uniq_duvessa, uniq_eustachio, uniq_blork_the_orc
Sewer:    sewer_kobold_necro_badplayer

Action                   |  1- 3 |  4- 6 || total
-------------------------+-------+-------++-------
Melee: Hand axe          |    54 |       ||    54
       Spear             |   205 |   263 ||   468
Throw: Stone             |     2 |       ||     2
Evoke: Wand              |       |    11 ||    11
  Use: Scroll            |     9 |     4 ||    13
       Potion            |     9 |     9 ||    18
 Stab: Invisible         |       |     4 ||     4

Table legend:
 A = Turns spent in this place as a percentage of turns spent in the entire game.
 B = Non-inter-level travel turns spent in this place as a percentage of non-inter-level travel turns spent in the entire game.
 C = Inter-level travel turns spent in this place as a percentage of turns spent in this place.
 D = Turns resting spent in this place as a percentage of non-inter-level travel turns spent in this place.
 E = Turns spent auto-exploring this place as a percentage of non-inter-level travel turns spent in this place.
 F = Non-inter-level travel turns spent in this place divided by the number of levels of this place that you've seen.
                   A       B       C       D       E      F
               +-------+-------+-------+-------+-------+----------------------
         Total | 100.0 | 100.0 |   0.4 |   0.8 |   4.9 | 317.0
       Dungeon |  81.0 |  80.9 |   0.5 |   0.7 |   5.3 | 320.5
         Sewer |  19.0 |  19.1 |   0.0 |   1.3 |   3.0 | 303.0
               +-------+-------+-------+-------+-------+----------------------

Vault maps used:
D:1:      evilmike_arrival_crescent
D:3:      gup_sewer_entry_bowl, serial_bayou_pond_c, minmay_misc_feat_chi
D:4:      nicolae_qazlal_general_emergency, kennysheep_vampire_church,
          gammafunk_temple_overflow_wave, minmay_temple_entry_hall, first_bread,
          uniq_duvessa, uniq_eustachio, uniq_blork_the_orc
Sewer:    sewer_kobold_necro_badplayer
